 Dungeon Crawl Stone Soup version 0.17.0-25-gefc9c12 (webtiles) character file.

975 dorian the Firebug (level 8, -3/46 HPs)
             Began as an Octopode Fire Elementalist on Nov 18, 2015.
             Was a Follower of Vehumet.
             Slain by an orc warrior
             ... wielding a +0 glaive
              (28 damage)
             ... on level 6 of the Dungeon.
             The game lasted 00:18:35 (6348 turns).

dorian the Firebug (Octopode Fire Elementalist)     Turns: 6348, Time: 00:18:35

Health: -3/46      AC:  1    Str:  8    XL:     8   Next: 16%
Magic:  19/20      EV:  7    Int: 21    God:    Vehumet [*.....]
Gold:   1          SH:  0    Dex: 12    Spells: 2 memorised, 6 levels left

rFire  + . .     SeeInvis .     y - staff of fire
rCold  + . .     Clarity  .     (no shield)
rNeg   . . .     SustAt   .     (helmet restricted)
rPois  .         Gourm    .     (no amulet)
rElec  .         Spirit   .     c - ring of protection from cold
rCorr  .         Warding  .     h - ring of protection from magic
rMut   .         Stasis   .     j - ring of magical power
MR     +....                    d - ring of flight
Stlth  ++++......               s - +2 ring of intelligence
                                v - ring of stealth
                                (no ring)
                                (no ring)

@: somewhat resistant to hostile enchantments, stealthy
A: almost no armour, amphibious, 8 rings, constrict 8, camouflage 1, gelatinous
body 1
a: Renounce Religion, Evoke Flight


You were on level 6 of the Dungeon.
You worshipped Vehumet.
Vehumet was aware of your devotion.
You were not hungry.

You visited 1 branch of the dungeon, and saw 6 of its levels.

You collected 276 gold pieces.
You spent 275 gold pieces at shops.

Inventory:

Hand Weapons
 k - a +0 hand axe of chopping
Magical Staves
 y - an uncursed staff of fire (weapon)
Jewellery
 c - a ring of protection from cold (left tentacle)
 d - a ring of flight (on tentacle)
 h - a ring of protection from magic (right tentacle)
 j - a ring of magical power (on tentacle)
 s - a +2 ring of intelligence (on tentacle)
 v - a ring of stealth (on tentacle)
Wands
 q - a wand of confusion (3)
Scrolls
 f - a scroll of blinking {unknown}
 g - 2 scrolls of amnesia {unknown}
 i - 5 scrolls of remove curse {unknown}
 m - 3 scrolls of magic mapping {unknown}
 o - 3 scrolls of random uselessness {unknown}
 p - 5 scrolls of identify {unknown}
 t - a scroll of enchant weapon {unknown}
 w - a scroll of recharging {unknown}
 x - a scroll of fog {unknown}
Potions
 e - 2 potions of degeneration {unknown}
 l - 2 potions of ambrosia {unknown}
 n - a potion of might {unknown}
 r - a potion of invisibility {unknown}
 u - a potion of mutation {unknown}
Books
 a - a book of Flames

   Spells                             Type                      Level
   a - Flame Tongue                   Conjuration/Fire             1
   b - Throw Flame                    Conjuration/Fire             2
   c - Conjure Flame                  Conjuration/Fire             3
   d - Inner Flame                    Hexes/Fire                   3
   e - Sticky Flame                   Conjuration/Fire             4
   f - Fireball                       Conjuration/Fire             5
Comestibles
 b - 4 bread rations
 A - 8 fruits


   Skills:
 - Level 2.0 Dodging
 - Level 2.6 Stealth
 - Level 2.0 Spellcasting
 + Level 6.4 Conjurations
 + Level 7.1 Fire Magic


You had 6 spell levels left.
You knew the following spells:

 Your Spells              Type           Power        Failure   Level  Hunger
a - Flame Tongue          Conj/Fire      #####        1%          1    #......
b - Sticky Flame          Conj/Fire      #####...     12%         4    #####..


Dungeon Overview and Level Annotations

Branches:
Dungeon (6/15)             Temple (0/1) D:5

Altars:
Ashenzari
Elyvilon
Gozag
Kikubaaqudgha
Makhleb
Okawaru
Qazlal
Ru
Vehumet
Xom
Zin

Shops:
D:4 %[*([


Innate Abilities, Weirdness & Mutations

You cannot wear most types of armour.
You are amphibious.
You can wear up to eight rings at the same time.
You can use your tentacles to constrict eight enemies at once.
Your skin changes colour to match your surroundings (Stealth).
Your rubbery body absorbs attacks (AC +1).


Message History

You feel a surge of power!
The flame tongue hits the orc.
You kill the orc!
Vehumet accepts your kill.
You see here a robe.
Things that are here:
a short sword; an orc corpse You see here a robe.
The orc warrior hits you with a glaive!!
Casting: Flame Tongue
Confirm with . or Enter, or press ? or * to list all spells.
Aiming: Sticky Flame
Press: ? - help, Shift-Dir - straight line, f - orc warrior
Aim: an orc warrior, wielding a glaive and wearing a chain mail
Okay, then.
Unknown command.
The orc warrior closely misses you.
There is a stone staircase leading up here.
The orc warrior hits you from afar with a glaive!!
Ouch! That really hurt!
You die...

...... ... ...... .. ...#..
.. ......##. ###. .........
#####.....#
........###########.....###.#
.................#...###....
......................#..##
..............o.@....[..[.#
#.#####.#.###..##...#####..[#
##...<..[).....# ...
#.........(.....( .
...............#....#
#.#...............####
......#########..## .....#
##.# #.#.. ..#


You could see an orc warrior.

Vanquished Creatures
  A phantom (D:5)
  A big kobold (D:5)
  3 centaurs (D:5)
  A scorpion (D:4)
  An orc priest (D:4)
  2 jellies
  3 orc wizards
  A hound (D:4)
  A killer bee zombie (D:5)
  3 worker ants
  7 adders
  3 gnolls (D:3)
  A shadow imp (D:5)
  An ooze (D:1)
  An adder skeleton (D:4)
  A worm (D:2)
  3 giant geckos
  18 orcs
  A ball python (D:2)
  8 bats
  4 giant cockroaches
  9 goblins
  7 hobgoblins
  8 jackals (D:2)
  A quokka (D:2)
  A ball python skeleton (D:4)
  3 giant newts
  30 kobolds
  8 rats
132 creatures vanquished.

Notes
Turn   | Place    | Note
--------------------------------------------------------------
     0 | D:1      | dorian the Octopode Fire Elementalist began the quest for the Orb.
     0 | D:1      | Reached XP level 1. HP: 11/11 MP: 3/3
    84 | D:1      | Reached XP level 2. HP: 17/17 MP: 3/5
   571 | D:1      | Reached XP level 3. HP: 17/21 MP: 1/6
  1401 | D:2      | Reached skill level 4 in Fire Magic
  1401 | D:2      | Reached XP level 4. HP: 21/27 MP: 7/7
  1820 | D:2      | Learned a level 4 spell: Sticky Flame
  2215 | D:3      | Found a white marble altar of Elyvilon.
  2326 | D:3      | Found a stormy altar of Qazlal.
  2329 | D:3      | Found an opulent altar of Gozag.
  2335 | D:3      | Found a sacrificial altar of Ru.
  2339 | D:3      | Found a radiant altar of Vehumet.
  2340 | D:3      | Found a shimmering altar of Xom.
  2343 | D:3      | Became a worshipper of Vehumet
  2435 | D:3      | Reached XP level 5. HP: 31/31 MP: 8/8
  2991 | D:4      | Found a glowing silver altar of Zin.
  2991 | D:4      | Found a burning altar of Makhleb.
  2992 | D:4      | Noticed a balrug
  2992 | D:4      | Noticed an angel
  3071 | D:4      | Found Cerr's Antique Armour Boutique.
  3261 | D:4      | Reached skill level 5 in Fire Magic
  3261 | D:4      | Reached XP level 6. HP: 27/36 MP: 7/9
  3446 | D:4      | Found Usicw's Antique Armour Shoppe.
  3543 | D:4      | Found an ancient bone altar of Kikubaaqudgha.
  3574 | D:4      | Found Zuzerr's Food Boutique.
  3574 | D:4      | Noticed a hungry ghost
  3616 | D:4      | Found Isuk's Elemental Accessories.
  3623 | D:4      | Found Usmammu's Weapon Boutique.
  3885 | D:4      | Reached * piety under Vehumet
  3885 | D:4      | Offered knowledge of Magic Dart by Vehumet.
  4131 | D:5      | Entered Level 5 of the Dungeon
  4264 | D:5      | Found an iron altar of Okawaru.
  4302 | D:5      | Found a shattered altar of Ashenzari.
  4306 | D:5      | Reached skill level 5 in Conjurations
  4306 | D:5      | Reached XP level 7. HP: 31/41 MP: 8/10
  4430 | D:5      | Reached skill level 6 in Fire Magic
  4589 | D:5      | Found a staircase to the Ecumenical Temple.
  5447 | D:5      | Reached XP level 8. HP: 13/46 MP: 11/11
  5704 | D:4      | Bought an uncursed staff of fire for 275 gold pieces
  5836 | D:5      | Reached skill level 7 in Fire Magic
  6348 | D:6      | Slain by an orc warrior

Action                   |  1- 3 |  4- 6 |  7- 9 || total
-------------------------+-------+-------+-------++-------
Melee: Unarmed           |    18 |     9 |       ||    27
       Hand axe          |       |     4 |       ||     4
 Cast: Flame Tongue      |    60 |   136 |    92 ||   288
       Sticky Flame      |       |     1 |     3 ||     4
 Stab: Sleeping          |     1 |     2 |       ||     3
  Eat: Chunk             |     2 |     9 |     3 ||    14
       Beef jerky        |       |     1 |       ||     1
       Bread ration      |       |       |     1 ||     1
       Fruit             |       |       |     1 ||     1
